 Dungeon Crawl Stone Soup version 0.28.0-53-g5a82cb258f (webtiles) character file.

Game seed: 7676420438145997901

1494 bnorton916 the Thaumaturge (level 8, -1/40 (41) HPs)
             Began as a Deep Elf Fire Elementalist on July 14, 2022.
             Was an Initiate of Gozag.
             Slain by a wight
             ... wielding a +0 scimitar
              (3 damage)
             ... on level 7 of the Dungeon.
             The game lasted 00:10:57 (9932 turns).

bnorton916 the Thaumaturge (DEFE)                   Turns: 9932, Time: 00:11:01

HP:   -1/40 (41)    AC:  6    Str:  5    XL:     8   Next: 51%
MP:   1/22          EV: 12    Int: 23    God:    Gozag
Gold: 417           SH:  0    Dex: 15    Spells: 10/23 levels left

rFire   + . .      SeeInvis .   d - staff of fire
rCold   . . .      Faith    .   (no shield)
rNeg    . . .      Spirit   .   a - +0 robe
rPois   .          Reflect  .   (no helmet)
rElec   .          Harm     .   g - +0 cloak
rCorr   .          Rampage  .   r - +2 pair of gloves
Will    .....                   (no boots)
Stlth   ++........              (no amulet)
HPRegen 0.13/turn               (no ring)
MPRegen 0.18/turn               (no ring)

@: gold aura, lightly drained
A: no striking features
a: Renounce Religion, Potion Petition, Call Merchant, Bribe Branch


You were on level 7 of the Dungeon.
You worshipped Gozag.
Gozag was aware of your devotion.
You visited 2 branches of the dungeon, and saw 8 of its levels.

You collected 469 gold pieces.
You paid 52 gold pieces to Gozag.

Inventory:

Hand Weapons
 s - a +2 dagger of protection
 t - a +1 flail of protection
Missiles
 b - 216 stones
 h - 13 javelins
 m - 12 poisoned darts
 q - 8 boomerangs
Armour
 a - a +0 robe (worn)
 g - a +0 cloak (worn)
 r - a +2 pair of gloves (worn)
Magical Staves
 d - a staff of fire (weapon)
Potions
 e - a potion of resistance
 f - a potion of lignification
 j - 2 potions of attraction
 l - 2 potions of brilliance
 n - a potion of might {unknown}
 p - 3 potions of curing
 u - a potion of mutation {unknown}
 x - a potion of heal wounds {unknown}
 z - a potion of ambrosia


   Skills:
 - Level 2.4 Dodging
 - Level 2.4 Stealth
 + Level 8.1 Spellcasting
 + Level 6.3 Conjurations
 + Level 3.4 Summonings
 + Level 7.2 Fire Magic


You had 10 spell levels left.
You knew the following spells:

 Your Spells              Type           Power      Damage    Failure   Level
a - Foxfire               Conj/Fire      100%       2x1d9     1%          1
b - Scorch                Fire           100%       2d10      1%          2
c - Conjure Flame         Conj/Fire      57%        6-21      1%          3
d - Flame Wave            Conj/Fire      57%        2d11      4%          4
e - Call Canine Familiar  Summ           25%        N/A       4%          3

Your spell library contained the following spells:

 Spells                   Type           Power      Damage    Failure   Level
 Shock                    Conj/Air       96%        1d9       1%          1
 Static Discharge         Conj/Air       24%        N/A       2%          2
 Inner Flame              Hex/Fire       38%        N/A       4%          3
 Sticky Flame             Conj/Fire      57%        2d7       4%          4
 Ignite Poison            Fire/Tmut/Pois 30%        N/A       8%          3
 Swiftness                Air            9%         N/A       21%         3
 Irradiate                Conj/Tmut      12%        3d17      45%         5
 Lightning Bolt           Conj/Air       12%        1d25      45%         5
 Airstrike                Air            4%         N/A       56%         4
 Maxwell's Capacitive Co  Air            4%         ∞         100%        8


Dungeon Overview and Level Annotations

Branches:
Dungeon (7/15)             Temple (1/1) D:5

Altars:
Cheibriados
Fedhas
Gozag
Hepliaklqana
Qazlal
Sif Muna
Trog
Uskayaw
Vehumet
Wu Jian
Xom
Zin

Shops:
D:5 (

Annotations:
D:5 Dowan, Duvessa


Message History

You hear a shout!
An orc comes into view. It is wielding a +0 war axe.
The wight barely misses you. The wight hits you with a +1 flail!
The orc moves out of view.
A wave of flame ripples out!
The flame wave engulfs the wight!
You destroy the wight!
The flame wave engulfs the wight!
You destroy the wight!
The flame wave engulfs the wight.
The wight is lightly damaged.
A gnoll comes into view. It is wielding a +0 spear.
A sky beast comes into view.
Your life force feels restored.
Unknown command.
A wave of flame ripples out!
The flame wave engulfs the wight but does no damage.
The wight is lightly damaged.
The flame wave engulfs the wight.
The wight is moderately damaged.
The flame wave engulfs the wight!
The wight is severely damaged.
The flame wave engulfs the centaur zombie!
The centaur zombie is moderately damaged.
The flame wave engulfs the gnoll!
The gnoll is almost dead.
The flame wave engulfs the sky beast.
The sky beast is lightly wounded.
You finish channelling waves of flame.
The wight is distracted by your dazzling golden aura.
An orc wizard comes into view. It is wielding a +0 dagger.
An orc warrior comes into view. It is wielding a +0 battleaxe.
Unknown command.
The centaur zombie misses you. x2
The wight hits you from afar with a +0 trident.
* * * LOW HITPOINT WARNING * * *
The gnoll misses you. The wight hits you with a +0 scimitar!
* * * LOW HITPOINT WARNING * * *
You feel drained.
You die...
Your body crumbles into a pile of gold.

... .. o..
.o ...##.#
.. . .......
.. o##
.......
.#...
.......#.#.#
#.........#
#z$zz$Z..#
#Yz@...#
#.$........
##g....#...
l.....# .
≈≈≈...(#
###≈....#
#≈....[ $
#≈......


You could see an orc warrior, a sky beast, an iguana, 4 wights, an orc wizard, a
gnoll, an orc and a centaur zombie.

Vanquished Creatures
  Edmund (D:5)
  An orc warrior (D:6)
  An ice beast (D:6)
  A necrophage (D:6)
  A kobold brigand (D:6)
  4 scorpions
  A water moccasin skeleton (D:4)
  5 wights (D:7)
  A howler monkey (D:5)
  2 jellies
  A hound (D:6)
  3 orc priests (D:5)
  A bullfrog skeleton (D:5)
  2 iguanas (D:4)
  A hound zombie (D:5)
  7 gnolls
  3 howler monkey skeletons
  An adder (D:3)
  A white imp (D:6)
  2 ufetubi
  4 worms
  4 dart slugs
  10 orcs
  8 bats
  6 endoplasms
  9 giant cockroaches
  9 goblins
  9 hobgoblins
  5 quokkas
  8 ball pythons
  A frilled lizard (D:1)
  9 kobolds
  4 rats
126 creatures vanquished.

Vanquished Creatures (others)
  A wizard (D:6)
  539 foxfires
540 creatures vanquished.

Grand Total: 666 creatures vanquished

Notes
Turn   | Place    | Note
-------+----------+-------------------------------------------
     0 | D:1      | bnorton916 the Deep Elf Fire Elementalist began the quest
                  | for the Orb.
     0 | D:1      | Reached XP level 1. HP: 10/10 MP: 6/6
   213 | D:1      | Reached XP level 2. HP: 6/15 MP: 1/8
   732 | D:1      | Found a faded altar of an unknown god.
  1255 | D:1      | Reached XP level 3. HP: 19/19 MP: 7/10
  1527 | D:1      | Learned a level 2 spell: Scorch
  1531 | D:1      | Learned a level 3 spell: Conjure Flame
  2407 | D:2      | Reached skill level 4 in Spellcasting
  3335 | D:3      | Reached XP level 4. HP: 24/24 MP: 8/12
  3700 | D:3      | Found a radiant altar of Vehumet.
  4969 | D:3      | Reached XP level 5. HP: 25/28 MP: 4/14
  5146 | D:4      | Reached skill level 5 in Spellcasting
  5531 | D:4      | Got the Collected Works on Creative Conjuration
  5706 | D:4      | Reached skill level 5 in Fire Magic
  5706 | D:4      | Reached XP level 6. HP: 24/32 MP: 10/16
  6243 | D:5      | Entered Level 5 of the Dungeon
  6256 | D:5      | Found Mowkitac's Weapon Shop.
  6384 | D:5      | Reached skill level 6 in Spellcasting
  6624 | D:5      | Found a staircase to the Ecumenical Temple.
  6633 | Temple   | Entered the Ecumenical Temple
  6668 | Temple   | Became a worshipper of Gozag Ym Sagoz the Greedy
  6908 | D:5      | Noticed Edmund
  6928 | D:5      | Killed Edmund
  6929 | D:5      | Reached XP level 7. HP: 36/36 MP: 7/18
  7714 | D:5      | Reached skill level 5 in Conjurations
  7859 | D:5      | Noticed Duvessa
  7882 | D:5      | Learned a level 4 spell: Flame Wave
  7886 | D:5      | Learned a level 3 spell: Call Canine Familiar
  7940 | D:5      | Found a hazy altar of Hepliaklqana.
  8064 | D:6      | Reached skill level 7 in Spellcasting
  8064 | D:6      | Reached skill level 1 in Summonings
  8433 | D:6      | Reached XP level 8. HP: 32/41 MP: 13/21
  9450 | D:6      | Found an ornate altar of the Wu Jian Council.
  9547 | D:6      | Found a hide-covered altar of Uskayaw.
  9674 | D:6      | Found a bloodstained altar of Trog.
  9709 | D:6      | Noticed a wizard
  9713 | D:6      | Killed a wizard
  9834 | D:5      | Noticed Dowan
  9928 | D:7      | Reached skill level 8 in Spellcasting
  9932 | D:7      | HP: 2/41 [wight/+0 scimitar (7)]
  9932 | D:7      | Slain by a wight

Illustrated notes

Levels and vault maps discovered:
D:1:      wander_arrival_lonely_grave, layout_basic,
          nicolae_ecumenical_lake_church
D:2:      layout_basic
D:3:      layout_loops_ring, vehumet_crystals, minmay_crystal_water
D:4:      layout_rooms
D:5:      layout_loops_cross, mainiacjoe_overflow_small_starburst,
          minmay_temple_entry_glass, serial_shops, nicolae_shop_waterfront,
          minmay_misc_feat_tiny, uniq_edmund, uniq_duvessa
D:6:      layout_cave_pools, nicolae_wu_jian_wuxing_cycle,
          general_overflow_altar, trog_wizard
D:7:      lemuel_slime, layout_cave_pools, old_standard_altar,
          mainiacjoe_overflow_catwalk, marbit_many_paths,
          serial_co_window_serial, co_window_paths_a,
          co_window_of_opportunity_a, co_window_paths_b, co_window_corner_a,
          co_window_corner_a, co_window_of_opportunity_a, co_window_paths_a,
          co_window_of_opportunity_c, co_window_unsneaky_path_b,
          co_window_of_opportunity_b, co_window_2corner, co_window_2corner,
          co_window_paths_e, glass_columns_a, glass_columns_a, enter_bailey_3
Temple:   cyrus_temple_forest

Skill      XL: |  1  2  3  4  5  6  7  8 |
---------------+-------------------------+-----
Conjurations   | 2 3 4 5 6 |  6.3
Spellcasting   | 4 5 6 7 8 |  8.1
Fire Magic     | 4 5 6 7 |  7.2
Summonings     | 2 3 |  3.4
Dodging        | |  2.4
Stealth        | |  2.4

Action                   |  1- 3 |  4- 6 |  7- 9 || total
-------------------------+-------+-------+-------++-------
Melee: Staff             |       |       |     1 ||     1
 Cast: Foxfire           |   155 |   118 |    57 ||   330
       Scorch            |     4 |    24 |    18 ||    46
       Conjure Flame     |       |     1 |     1 ||     2
       Flame Wave        |       |       |     4 ||     4
  Use: Scroll            |       |     6 |     9 ||    15
Armor: Robe              |     1 |     6 |     7 ||    14
Dodge: Dodged            |     4 |    23 |    23 ||    50
